 Seeded DCSS version 0.29.1-2-gbd0b4ee654 (webtiles) character file.

Game seed: 1 (custom seed)

89844 Kazon the Carver (level 15, -19/139 HPs)
             Began as a Green Draconian Berserker on Oct 25, 2022.
             Was a High Priest of Trog.
             Demolished by a minotaur simulacrum (39 damage)
             ... on level 14 of the Dungeon on Oct 26, 2022.
             The game lasted 02:28:42 (17888 turns).

Kazon the Carver (Green Draconian Berserker)       Turns: 17888, Time: 02:28:42

Health: -19/139    AC: 19    Str: 22    XL:     15   Next: 50%
Magic:  15/15      EV: 15    Int: 10    God:    Trog [*****.]
Gold:   610        SH:  7    Dex: 13    Spells: 14/14 levels left

rFire   + + +      SeeInvis +   a - +2 Maxwell's thermic engine {flame, freeze}
rCold   . . .      Faith    .   c - +2 buckler
rNeg    . . .      Spirit   .   (body armour unavailable)
rPois   +          Reflect  .   (helmet restricted)
rElec   .          Harm     .   Z - +2 cloak
rCorr   .          Rampage  .   (no gloves)
Will    +++..                   m - +2 pair of boots
Stlth   ++++++....              p - amulet "Odemouw" {Contam rPois rF+++ Regen+ Stlth+}
HPRegen 1.13/turn               b - ring "Soma Sigg" {rF+ Will++ AC+4}
MPRegen 0.14/turn               Y - ring of see invisible

@: about to teleport, slowed, very slow
A: breathe noxious fumes, AC +9, unfitting armour, stinger 1, poison resistance,
cold-blooded
a: Breathe Noxious Fumes, Renounce Religion, Berserk, Trog's Hand, Brothers in
Arms


You were on level 14 of the Dungeon.
You worshipped Trog.
Trog was extremely pleased with you.
You visited 3 branches of the dungeon, and saw 20 of its levels.

You collected 1627 gold pieces.
You spent 1017 gold pieces at shops.

Inventory:

Hand Weapons
 a - the +2 Maxwell's thermic engine (weapon) {flame, freeze}
   (You found it on level 1 of the Lair of Beasts)

   It burns those it strikes, dealing additional fire damage.
   Big, fiery blades are also staple armaments of hydra-hunters.
   It freezes those it strikes, dealing additional cold damage.
   It can also slow down cold-blooded creatures.
   It becomes more effective when it hits something.
   This effect fades over time.
 d - a +1 demon blade of venom
 e - a +2 dagger of venom
 s - the +3 falchion of Winter {venom, rCorr}
   (You bought it in a shop on level 3 of the Dungeon)

   It poisons the flesh of those it strikes.
   rCorr:     It protects you from acid and corrosion.
Missiles
 g - 29 stones
 l - 24 boomerangs (quivered)
 n - a throwing net
 z - 6 curare-tipped darts
 A - 5 datura-tipped darts
 I - 35 poisoned darts
Armour
 c - a +2 buckler (worn)
 m - a +2 pair of boots (worn)
 P - a scarf of resistance
 Z - a +2 cloak (worn)
Jewellery
 b - the ring "Soma Sigg" (left hand) {rF+ Will++ AC+4}
   (You acquired it on level 1 of the Dungeon)

   [ring of protection]

   AC:        It affects your AC (+4).
   rF:        It protects you from fire.
   Will:      It greatly increases your willpower.
 f - a ring of protection from cold
 p - the amulet "Odemouw" (around neck) {Contam rPois rF+++ Regen+ Stlth+}
   (You bought it in a shop on level 8 of the Dungeon)

   [amulet of regeneration]

   rF:        It renders you almost immune to fire.
   rPois:     It protects you from poison.
   Contam:    It causes magical contamination when unequipped.
   Regen:     It increases your rate of health regeneration.
   Stlth:     It makes you more stealthy.
 u - a ring of protection from cold
 V - a +6 ring of dexterity
 Y - a ring of see invisible (right hand)
Wands
 y - a wand of mindburst (35)
 C - a wand of flame (46)
 K - a wand of paralysis (23)
 L - a wand of roots (11)
 Q - a wand of polymorph (11)
Scrolls
 i - 5 scrolls of identify
 j - 5 scrolls of immolation {unknown}
 o - 4 scrolls of fog {unknown}
 q - 5 scrolls of teleportation
 r - 3 scrolls of poison {unknown}
 t - 2 scrolls of magic mapping {unknown}
 w - 2 scrolls of enchant armour {unknown}
 x - 4 scrolls of enchant weapon {unknown}
 J - 3 scrolls of fear {unknown}
 M - 2 scrolls of summoning
 R - a scroll of acquirement
 W - a scroll of silence
Potions
 h - 4 potions of berserk rage
 k - 2 potions of ambrosia
 v - 9 potions of lignification
 B - 2 potions of mutation
 D - 3 potions of cancellation
 E - 4 potions of haste
 F - 2 potions of might
 G - 6 potions of curing
 H - 3 potions of flight
 O - a potion of heal wounds
 T - a potion of invisibility
Miscellaneous
 N - a condenser vane
 S - a phial of floods
 U - a lightning rod (4/4)
 X - a phantom mirror (inert)


   Skills:
 + Level 14.5 Fighting
 + Level 3.6(10.3) Short Blades
 + Level 14.8(15.0) Long Blades
 + Level 7.9 Throwing
 + Level 9.5 Dodging
 + Level 11.0 Stealth
 + Level 4.9 Shields
 * Level 10.7 Evocations


You had 14 spell levels left.
You didn't know any spells.
Your spell library was empty.

Dungeon Overview and Level Annotations

Branches:
Dungeon (14/15)            Temple (0/1) D:7            Lair (5/5) D:10
 Shoals (0/4) Lair:3       Spider (1/4) Lair:3        Slime (0/5) Lair:4
    Orc (0/2) D:12         Vaults (0/5) D:13

Altars:
Elyvilon
Hepliaklqana
Kikubaaqudgha
Uskayaw
Jiyva

Shops:
D:3 (   D:8 ?(==   D:10 :   D:13 !

Portals:
Ice
Cave: D:14

Annotations:
D:14 3 runed translucent doors, Icepheonix32's ghost, journeyman MiFi


Innate Abilities, Weirdness & Mutations

You can breathe blasts of noxious fumes.
Your lurid green scales are hard. (AC +9)
You cannot fit into any form of body armour.
Your tail ends in a venomous barb.
Your system is resistant to poisons. (rPois)
You are cold-blooded and may be slowed by cold attacks.


Message History

You slice the efreet!!
You kill the efreet!
Trog accepts your kill.
You see here a +3 scimitar of flaming.
Found a stone staircase leading down. 2 spriggan defender simulacra, 3 minotaur simulacra and 2 deep troll simulacra come into view.
Found a frozen archway.
Aiming: Throw Flame
Press: ? - help, Shift-Dir - straight line, f - minotaur simulacrum
Aim: a minotaur simulacrum (95% to hit)
The puff of flame hits the minotaur simulacrum!
The minotaur simulacrum melts!
The minotaur simulacrum is moderately damaged.
Found a stone staircase leading up.
Aiming: Throw Flame
Press: ? - help, Shift-Dir - straight line, f/p - minotaur simulacrum
Aim: a minotaur simulacrum (moderately damaged, 95% to hit)
The puff of flame hits the minotaur simulacrum!
The minotaur simulacrum melts!
The minotaur simulacrum is heavily damaged.
Aiming: Throw Flame
Press: ? - help, Shift-Dir - straight line, f/p - minotaur simulacrum
Aim: a minotaur simulacrum (heavily damaged, 95% to hit)
The puff of flame hits the minotaur simulacrum!
The minotaur simulacrum melts!
The minotaur simulacrum is severely damaged.
You hit the minotaur simulacrum.
You melt the minotaur simulacrum.
The minotaur simulacrum is almost destroyed.
The minotaur simulacrum hits you! The minotaur simulacrum freezes you!
You feel yourself slow down. The minotaur simulacrum gores you.
The minotaur simulacrum freezes you!!!
As you read the scroll of teleportation, it crumbles to dust.
You feel strangely unstable. The minotaur simulacrum hits you.
The minotaur simulacrum freezes you!!!
You feel as though you will be slow longer.
* * * LOW HITPOINT WARNING * * *
The minotaur simulacrum gores you.
* * * LOW HITPOINT WARNING * * *
The minotaur simulacrum freezes you!!!
You die...

..##.#....#.##....#
.#.##......##.#...#
#.#..........#.#..#
##............##..#
...... .........#.#
..... .).........#
# .... ..#..#..)##
... #.
#.##.####....<
#.#ZZZ@...>...
#.ZZ#####.....
#.#..# ... ...##.Z.
. ### .Z... #.Z∩.Z.
..ZZ.# ......
#####.


You could see a spriggan defender simulacrum, 2 minotaur simulacra and 2 deep
troll simulacra.

Vanquished Creatures
  Rupert (D:12)
  An emperor scorpion (Spider:1)
  A ghost moth (Spider:1)
  A broodmother (Spider:1)
  Nessos (D:12)
  Snorg (D:14)
  Azrael (D:13)
  An entropy weaver (Spider:1)
  A fire dragon (D:13)
  3 boulder beetles
  Fannar (Lair:2)
  2 hydras
  2 catoblepae
  A vault guard (D:13)
  3 centaur warriors
  3 two-headed ogres
  9 death yaks
  4 skeletal warriors (D:13)
  A fire crab (D:13)
  A sun moth (Spider:1)
  Lodul (D:12)
  2 steelbarb worms (Spider:1)
  2 orb spiders (Spider:1)
  5 spectral wolf spiders (Spider:1)
  6 wolf spider zombies (Spider:1)
  6 wolf spiders (Spider:1)
  2 cyclopes
  A deep elf pyromancer (D:13)
  2 ugly things
  An elephant (Lair:4)
  4 manticores
  5 black mambas
  A torpor snail (Spider:1)
  11 cane toads
  Maggie (D:6)
  3 rime drakes
  2 unseen horrors
  4 kobold demonologists (D:11)
  15 komodo dragons
  5 demonic crawlers (Spider:1)
  A tengu conjurer (D:12)
  An efreet (D:14)
  4 trolls
  Prince Ribbit (D:9)
  A meliai (shapeshifter) (D:13)
  A polar bear (Lair:4)
  10 tarantellas (Spider:1)
  17 blink frogs
  2 wolf spider simulacra (Spider:1)
  5 dream sheep (Lair:4)
  A snapping turtle (Lair:3)
  4 culicivoras (Spider:1)
  2 shadows
  8 jumping spiders (Spider:1)
  A vampire (D:12)
  2 fire elementals (D:13)
  59 yaks
  2 wraiths (D:12)
  4 wyverns
  4 basilisks
  Eustachio (D:5)
  4 vampire mosquitoes (D:13)
  2 steam dragons
  15 redbacks (Spider:1)
  Menkaure (D:5)
  Edmund (D:6)
  2 acid dragons
  16 water moccasins
  2 hell hounds (D:13)
  5 orc warriors
  An ice beast (D:8)
  5 sky beasts
  2 black bears (D:6)
  5 centaurs
  7 ogres
  A wolf (D:10)
  2 phantoms (D:6)
  3 kobold brigands
  3 necrophages
  5 bullfrogs
  A gnoll sergeant (D:7)
  10 scorpions
  21 wights
  3 killer bees (D:10)
  3 electric eels
  A howler monkey (D:5)
  2 jellies (D:6)
  6 hounds
  7 orc priests
  A gnoll bouda (D:7)
  6 iguanas
  4 hell rats (Lair:3)
  4 orc wizards
  Robin (D:3)
  15 gnolls
  13 adders
  3 shadow imps
  2 white imps (D:7)
  An ufetubus (D:5)
  4 worms
  37 orcs
  11 endoplasms
  3 giant cockroaches
  16 goblins
  8 hobgoblins
  A jackal (D:4)
  27 kobolds
  A quokka (D:1)
  5 ball pythons
  4 bats
  3 frilled lizards
  6 rats
561 creatures vanquished.

Vanquished Creatures (collateral kills)
  A hydra (D:13)
  Erolcha (D:10)
  2 catoblepae (Lair:5)
  A centaur warrior (D:13)
  A death yak (Lair:5)
  4 elephants (Lair:4)
  A torpor snail (Spider:1)
  A tarantella (Spider:1)
  A vampire (D:10)
  4 yaks
  2 culicivoras (Spider:1)
  A basilisk (D:13)
  A redback (Spider:1)
  A bullfrog (Lair:4)
22 creatures vanquished.

Vanquished Creatures (others)
  A quokka (D:7)
  28 fungi
  43 plants
72 creatures vanquished.

Grand Total: 655 creatures vanquished

Notes
Turn   | Place    | Note
-------+----------+-------------------------------------------
     0 | D:1      | Kazon the Draconian Berserker began the quest for the Orb.
     0 | D:1      | Reached XP level 1. HP: 19/19 MP: 1/1
    32 | D:1      | Identified a scroll of acquirement
    32 | D:1      | Acquired the ring "Soma Sigg" {rF+ Will++ AC+4}
   201 | D:1      | Reached XP level 2. HP: 23/26 MP: 2/2
   838 | D:2      | Reached XP level 3. HP: 29/33 MP: 3/3
  1010 | D:2      | Reached ** piety under Trog
  1241 | D:2      | Reached XP level 4. HP: 27/40 MP: 4/4
  1365 | D:2      | Reached skill level 1 in Throwing
  1489 | D:3      | Found Umat's Antique Weapon Boutique.
  1516 | D:3      | Bought a crude falchion for 184 gold pieces
  1516 | D:3      | Identified the +3 falchion of Winter {venom, rCorr} (You
                  | bought it in a shop on level 3 of the Dungeon)
  1797 | D:3      | Reached skill level 1 in Stealth
  1797 | D:3      | Reached XP level 5. HP: 38/46 MP: 5/5
  1800 | D:3      | Noticed Robin
  1816 | D:3      | Killed Robin
  1862 | D:3      | Reached skill level 5 in Throwing
  1862 | D:3      | Reached skill level 5 in Dodging
  1862 | D:3      | Reached skill level 5 in Stealth
  1862 | D:3      | Reached XP level 6. HP: 60/60 MP: 6/6
  2391 | D:4      | Reached skill level 1 in Short Blades
  2391 | D:4      | Your scales start taking on a lurid green colour.
  2391 | D:4      | Reached XP level 7. HP: 66/66 MP: 7/7
  2391 | D:4      | Gained mutation: Your system is resistant to poisons.
                  | (rPois) [Green Draconian growth]
  2627 | D:4      | Reached *** piety under Trog
  2833 | D:4      | Found a hazy altar of Hepliaklqana.
  2908 | D:5      | Entered Level 5 of the Dungeon
  3203 | D:5      | Reached XP level 8. HP: 73/73 MP: 8/8
  3256 | D:5      | Noticed Menkaure
  3270 | D:5      | Killed Menkaure
  3492 | D:5      | Noticed Eustachio
  3519 | D:5      | Killed Eustachio
  3876 | D:6      | Reached skill level 1 in Evocations
  3892 | D:6      | Reached XP level 9. HP: 76/79 MP: 9/9
  3918 | D:6      | Noticed Edmund
  3936 | D:6      | Killed Edmund
  4177 | D:6      | Reached skill level 1 in Shields
  4179 | D:6      | Reached **** piety under Trog
  4233 | D:6      | Noticed Maggie
  4250 | D:6      | Killed Maggie
  4772 | D:7      | You fall into a shaft and drop 1 floor!
  4829 | D:8      | Found Quzidd's Magic Scroll Emporium.
  4849 | D:8      | Bought a scroll of teleportation for 42 gold pieces
  4885 | D:7      | Reached XP level 10. HP: 87/88 MP: 10/10
  4886 | D:7      | Found a staircase to the Ecumenical Temple.
  4928 | D:7      | Found a hide-covered altar of Uskayaw.
  5090 | D:7      | Reached ***** piety under Trog
  5114 | D:7      | Found a white marble altar of Elyvilon.
  5526 | D:8      | Found Esumer's Weapon Shop.
  5891 | D:8      | Found Heidghoki's Jewellery Shop.
  5988 | D:8      | Found Zoxtaeshakh's Jewellery Boutique.
  6368 | D:9      | Noticed Prince Ribbit
  6376 | D:9      | Killed Prince Ribbit
  7155 | D:9      | Noticed a two-headed ogre
  7167 | D:9      | Killed a two-headed ogre
  7358 | D:10     | Entered Level 10 of the Dungeon
  7408 | D:10     | Noticed Erolcha
  7414 | D:10     | Killed Erolcha
  7415 | D:10     | Reached XP level 11. HP: 87/95 MP: 11/11
  7433 | D:10     | Identified the +5 long sword of the Land of Plenty {drain,
                  | Dex+3}
  7438 | D:10     | Found Juagoaq's Book Shoppe.
  7515 | D:10     | Found a staircase to the Lair.
  7570 | D:10     | Reached skill level 10 in Long Blades
  7832 | D:10     | Reached skill level 5 in Evocations
  8556 | D:11     | Noticed a green ugly thing
  8566 | D:11     | Killed a green ugly thing
  9302 | Lair:1   | Entered Level 1 of the Lair of Beasts
  9324 | D:10     | HP: 7/148 [poisoned by a black mamba]
  9326 | D:10     | HP: 3/99 [poisoned by a black mamba]
  9619 | Lair:1   | Reached skill level 10 in Fighting
  9663 | Lair:1   | Reached XP level 12. HP: 85/106 MP: 12/12
  9904 | Lair:1   | Found the +2 Maxwell's thermic engine {flame, freeze}
 10337 | Lair:2   | Received a gift from Trog
 10672 | Lair:2   | Noticed Fannar
 10682 | Lair:2   | Killed Fannar
 11003 | D:8      | Bought the amulet "Odemouw" {Contam rPois rF+++ Regen+
                  | Stlth+} for 734 gold pieces
 11089 | Lair:2   | Noticed a catoblepas
 11101 | Lair:2   | Killed a catoblepas
 11492 | Lair:3   | Found a hole to the Spider Nest.
 11597 | Lair:3   | Noticed a death yak
 11600 | Lair:3   | Noticed a death yak
 11605 | Lair:3   | Noticed a death yak
 11610 | Lair:3   | Killed a death yak
 11616 | Lair:3   | Noticed a death yak
 11624 | Lair:3   | Killed a death yak
 11628 | Lair:3   | Killed a death yak
 11634 | Lair:3   | Killed a death yak
 11790 | Lair:3   | Found a staircase to the Shoals.
 11812 | Lair:3   | Found an ancient bone altar of Kikubaaqudgha.
 11829 | Lair:3   | Reached XP level 13. HP: 115/116 MP: 13/13
 12415 | Lair:4   | Found a staircase to the Slime Pits.
 12415 | Lair:4   | Found a viscous altar of Jiyva.
 12517 | Lair:4   | Received a gift from Trog
 12576 | Lair:4   | Identified the +3 battleaxe "Adididghufym" {antimagic, rF+
                  | Will+}
 12802 | Lair:5   | Entered Level 5 of the Lair of Beasts
 13882 | Lair:5   | Received a gift from Trog
 13897 | Lair:5   | Gained mutation: Your tail ends in a venomous barb. [Green
                  | Draconian growth]
 13897 | Lair:5   | Reached XP level 14. HP: 121/127 MP: 14/14
 14133 | Spider:1 | Entered Level 1 of the Spider Nest
 14959 | Spider:1 | Reached skill level 10 in Stealth
 14973 | Spider:1 | Noticed a ghost moth
 14990 | Spider:1 | Killed a ghost moth
 15251 | Spider:1 | Noticed an emperor scorpion
 15265 | Spider:1 | Killed an emperor scorpion
 15595 | Spider:1 | Noticed a broodmother
 15633 | Spider:1 | Killed a broodmother
 15634 | Spider:1 | Reached skill level 10 in Evocations
 16196 | D:12     | Noticed Nessos
 16201 | D:12     | Killed Nessos
 16202 | D:12     | Reached XP level 15. HP: 127/138 MP: 15/15
 16267 | D:12     | Found a staircase to the Orcish Mines.
 16501 | D:12     | Noticed Rupert
 16508 | D:12     | Killed Rupert
 16599 | D:12     | Noticed Lodul
 16615 | D:12     | Killed Lodul
 16702 | D:13     | Noticed Azrael
 16724 | D:13     | Killed Azrael
 16859 | D:13     | Found Ituota Roil's Distillery.
 16862 | D:13     | Bought a potion of curing for 57 gold pieces
 17237 | D:13     | Received a gift from Trog
 17444 | D:13     | Found a gate to the Vaults.
 17720 | D:14     | Found a runed translucent gate.
 17720 | D:14     | Found a runed translucent gate.
 17722 | D:14     | Found a runed translucent gate.
 17730 | D:14     | Noticed Icepheonix32's ghost (journeyman MiFi)
 17791 | D:14     | Identified the +6 scale mail "Voetobuo" {Int-3 Dex+8}
 17801 | D:14     | Noticed Snorg
 17813 | D:14     | Killed Snorg
 17880 | D:14     | Found a frozen archway.
 17888 | D:14     | Demolished by a minotaur simulacrum

Illustrated notes

Levels and vault maps discovered:
D:1:      dpeg_arrival_three_smaller_balls, layout_basic
D:2:      layout_loops_ring
D:3:      layout_basic, serial_shops, nicolae_shop_stone, st_stairs_9,
          minmay_misc_feat_doors, eino_curves_03, uniq_robin
D:4:      minmay_wonky_spiral, layout_basic,
          mainiacjoe_overflow_surrounded_room, minivault_5
D:5:      layout_cave_pods, uniq_menkaure, uniq_eustachio
D:6:      cheibrodos_barr_body, layout_basic, minmay_crystal_room,
          minmay_pentangle, uniq_maggie, uniq_edmund
D:7:      layout_cave_pools, nicolae_uskayaw_murder_on_the_dancefloor,
          elyvilon_altar_4, minmay_temple_entry_purple_smoke
D:8:      layout_basic, serial_shops, shop_statue, kennysheep_little_box, shop,
          nicolae_shop_window_shopping
D:9:      layout_cave_pools, uniq_prince_ribbit1
D:10:     layout_stronghold, erik_lair_island, serial_shops,
          nicolae_shop_statue_plus, uniq_erolcha
D:11:     layout_roguey
D:12:     layout_loops_ring, orc_0_dummy, chequers_serial_rivers_marsh,
          uniq_lodul, uniq_nessos, uniq_rupert
D:13:     layout_gridville, david_vaults_5, serial_shops,
          nicolae_shop_behind_doors, minmay_fractal_squares_gapless_5,
          uniq_azrael
D:14:     layout_roguey, minmay_misc_feat_secret_circle, gammafunk_ghost_split,
          portal_ice_cave_entry_ice_simulacra, uniq_snorg
Lair:1:   layout_long_grid, fungi_pond_lemuel, cheibrodos_lair_reptile_den
Lair:2:   layout_gridlike, uniq_fannar
Lair:3:   layout_roguey, minmay_shoals_entry_hut,
          nicolae_spider_entry_non_spiders, basic_altar, serial_bayou_crossing
Lair:4:   layout_gridlike, slime_entry_1, serial_rivers,
          chequers_serial_rivers_room_a, chequers_serial_rivers_micro_c,
          chequers_serial_rivers_room_a, chequers_serial_rivers_micro_e,
          minivault_27, grunt_megastairs_3, infiniplex_staircase_pool_2
Lair:5:   evilmike_catoblepas_cave, layout_long_grid
Spider:1: layout_chambers, nicolae_spider_undead_wolf_pack

Skill      XL: |  1  2  3  4  5  6  7  8  9 10 11 12 13 14 15 |
---------------+----------------------------------------------+-----
Dodging        | 3 5 6 7 8 9 |  9.5
Long Blades    | 4 7 8 9 11 12 13 14 | 14.8
Throwing       | 1 5 6 7 |  7.9
Stealth        | 1 5 6 7 8 9 10 11 | 11.0
Fighting       | 7 8 10 11 12 14 | 14.5
Short Blades   | 1 2 3 |  3.6
Evocations     | 1 2 4 6 7 8 10 | 10.7
Shields        | 1 2 3 4 |  4.9

Action                   |  1- 3 |  4- 6 |  7- 9 | 10-12 | 13-15 || total
-------------------------+-------+-------+-------+-------+-------++-------
Melee: Falchion          |    88 |    58 |   235 |   211 |    92 ||   684
       Tailslap          |     7 |    15 |    46 |   117 |   128 ||   313
       Dagger            |    18 |    41 |    29 |    72 |    84 ||   244
       Punch             |       |       |     3 |       |       ||     3
       Long sword        |       |       |       |   260 |       ||   260
       Double sword      |       |       |       |   155 |   440 ||   595
Throw: Stone             |     2 |    20 |    32 |    87 |    34 ||   175
       Boomerang         |       |       |     3 |     6 |    35 ||    44
       Dart              |       |       |       |     8 |   102 ||   110
Invok: Berserk           |       |       |     1 |     7 |    10 ||    18
       Trog's Hand       |       |       |       |     3 |     1 ||     4
       Brothers in Arms  |       |       |       |     1 |     5 ||     6
 Abil: Breathe Noxious F |       |       |    22 |    38 |    38 ||    98
Evoke: Wand              |       |       |       |       |     8 ||     8
       Phantom mirror    |       |       |       |       |     1 ||     1
       Condenser vane    |       |       |       |       |     1 ||     1
  Use: Scroll            |     1 |     2 |     1 |     6 |    10 ||    20
       Potion            |       |     4 |     1 |     1 |       ||     6
 Stab: Sleeping          |     2 |     5 |     7 |    13 |    21 ||    48
       Confused          |       |       |    17 |    19 |    35 ||    71
       Distracted        |       |       |       |     2 |     1 ||     3
       Paralysed         |       |       |       |       |     5 ||     5
Armor: Skin              |    36 |    35 |    73 |   128 |   211 ||   483
Dodge: Dodged            |    81 |    51 |   172 |   362 |   355 ||  1021
Block: Buckler           |       |       |    24 |    77 |   125 ||   226
